 Dungeon Crawl Stone Soup version 0.28-a0-57-g271197699b (webtiles) character file.

Game seed: 6384243449697106394

404 Conn the Firebug (level 6, -8/55 HPs)
             Began as an Octopode Fire Elementalist on July 30, 2021.
             Was an Initiate of Sif Muna.
             Mangled by an ice beast (14 damage)
             ... on level 5 of the Dungeon.
             The game lasted 00:13:08 (5520 turns).

Conn the Firebug (Octopode Fire Elementalist)       Turns: 5520, Time: 00:13:09

Health: -8/55      AC: 23    Str:  8    XL:     6   Next: 86%
Magic:  11/11      EV:  2    Int: 19    God:    Sif Muna [......]
Gold:   225        SH:  0    Dex: 12    Spells: 5/12 levels left

rFire   . . .      SeeInvis .   i - +2 short sword (elec)
rCold   . . .      Faith    .   (no shield)
rNeg    + + +      Spirit   .   (helmet currently unavailable)
rPois   +          Reflect  .   (no amulet)
rElec   .          Harm     .   (no ring)
rCorr   .          Rampage  .   (no ring)
Will    .....      NoTele   +   (no ring)
Stlth   ++........              (no ring)
HPRegen 0.18/turn               (no ring)
MPRegen 0.12/turn               (no ring)
                                (no ring)
                                (no ring)

@: tree-form
A: stationary, stasis, torment immunity, boosted hp, almost no armour,
(amphibious), 8 rings, (camouflage 1), (gelatinous body 1), (nimble swimmer 1),
(tentacles)
a: Renounce Religion


You were on level 5 of the Dungeon.
You worshipped Sif Muna.
Sif Muna was noncommittal.
You were a tree.
You visited 2 branches of the dungeon, and saw 6 of its levels.

You collected 225 gold pieces.

Inventory:

Hand Weapons
 c - a +2 dagger of venom
 i - a +2 short sword of electrocution (weapon)
Magical Staves
 a - a staff of air
Wands
 e - a wand of digging (2)
Scrolls
 b - a scroll of identify
 k - a scroll of brand weapon {unknown}
 n - a scroll of blinking {unknown}
 o - a scroll of enchant weapon {unknown}
Potions
 f - 3 potions of brilliance
 g - a potion of heal wounds
 l - a potion of ambrosia
 p - a potion of invisibility {unknown}
 q - a potion of might {unknown}


   Skills:
 + Level 0.7 Fighting
 + Level 1.4 Short Blades
 + Level 0.3 Staves
 + Level 2.3 Dodging
 + Level 4.0 Stealth
 + Level 3.7 Spellcasting
 + Level 2.7 Conjurations
 + Level 4.4 Fire Magic
 * Level 2.0 Invocations


You had 5 spell levels left.
You knew the following spells:

 Your Spells              Type           Power      Damage    Failure   Level
a - Foxfire               Conj/Fire      68%        2x1d7     3%          1
b - Conjure Flame         Conj/Fire      17%        6-21      10%         3
c - Inner Flame           Hex/Fire       11%        N/A       17%         3

Your spell library contained the following spells:

 Spells                   Type           Power      Damage    Failure   Level
 Sting                    Tmut/Pois      12%        1d3       14%         1
 Sublimation of Blood     Necr           1%         N/A       22%         2
 Ignite Poison            Fire/Tmut/Pois 9%         N/A       24%         3
 Sticky Flame             Conj/Fire      17%        2d4       32%         4
 Fireball                 Conj/Fire      8%         3d6       65%         5
 Petrify                  Tmut/Erth      3%         N/A       80%         4
 Summon Ice Beast         Ice/Summ       3%         N/A       80%         4
 Irradiate                Conj/Tmut      4%         3d15      92%         5
 Freezing Cloud           Conj/Ice/Air   3%         6-21      95%         5


Dungeon Overview and Level Annotations

Branches:
Dungeon (5/15)             Temple (1/1) D:4

Altars:
Ashenzari
Cheibriados
Dithmenos
Fedhas
Gozag
Makhleb
Qazlal
Sif Muna
Vehumet
Xom
Yredelemnul
Zin
The Shining One

Annotations:
D:5 Pikel


Innate Abilities, Weirdness & Mutations

You are a tree.
Your roots penetrate the ground, keeping you stationary.
You cannot be teleported.
You are immune to unholy pain and torment.
Your maximum health is greatly increased.
You cannot wear most types of armour.
((You are amphibious.))
You can wear up to eight rings at the same time.
((Your skin changes colour to match your surroundings (Stealth+).))
((Your rubbery body absorbs attacks. (AC +1, EV +1)))
((You are camouflaged near water. (Stealth+)))
((You have tentacles for arms and can constrict up to eight enemies at once.))


Message History

Sif Muna accepts your kill.
Your Stealth skill increases to level 4!
Your Invocations skill increases to level 2!
You hear the quick rusting of a distant drain.
Casting: Conjure Flame (dangerous; 10% risk of failure)
Confirm with . or Enter, or press ? or * to list all spells.
Okay, then.
Okay, then.
Okay, then.
Unknown command.
Okay, then.
Casting: Conjure Flame (dangerous; 10% risk of failure)
Confirm with . or Enter, or press ? or * to list all spells.
Okay, then.
It was a potion of lignification.
You turn into a tree.
Your roots penetrate the ground.
The ogre hits you with a +0 giant spiked club!!
Okay, then.
Okay, then.
As you read the scroll labelled EDOHOU REIZOA, it crumbles to dust.
It is a scroll of amnesia.
Really abort (and waste the scroll)?
Okay, then.
The ogre hits you with a +0 giant spiked club.
The ice beast hits you but does no damage.
Unknown command.
As you read the scroll labelled USUWNI OSOIDD, it crumbles to dust.
You hear a loud clanging noise!
It was a scroll of noise.
You hear an angry hiss.
The ice beast hits you but does no damage.
As you read the scroll labelled KAD YXISHEFIF, it crumbles to dust.
You speak a Word of immense power!
The lemure convulses!
It was a scroll of holy word.
The ogre hits you with a +0 giant spiked club!
* * * LOW HITPOINT WARNING * * *
The ice beast hits you.
* * * LOW HITPOINT WARNING * * *
The ice beast freezes you!
You die...

.........#
### #...
.........#
#...
.........#
#...
.........####
####
..........5.#
........###.#
##.....##
#.## ########
#..########≈#
###≈5O♣Y≈≈≈#
##########


You could see an ice beast, an ogre and a lemure (dazed).

Vanquished Creatures
  A necrophage (D:5)
  A lemure (D:5)
  A scorpion (D:4)
  A bullfrog zombie (D:5)
  A hound (D:5)
  2 orc wizards
  4 hound skeletons
  A gnoll (D:1)
  An adder (D:4)
  An ufetubus (D:5)
  A worm (D:4)
  A dart slug (D:2)
  8 orcs
  3 endoplasms
  2 giant cockroaches (D:1)
  5 hobgoblins
  3 jackals (D:1)
  2 quokkas
  6 ball pythons
  7 bats
  4 frilled lizards
  5 goblins
  8 kobolds
  3 rats (D:1)
  A spectral goblin (D:1)
73 creatures vanquished.

Vanquished Creatures (others)
  246 foxfires
246 creatures vanquished.

Grand Total: 319 creatures vanquished

Notes
Turn   | Place    | Note
-------+----------+-------------------------------------------
     0 | D:1      | Conn the Octopode Fire Elementalist began the quest for the
                  | Orb.
     0 | D:1      | Reached XP level 1. HP: 11/11 MP: 3/3
   435 | D:1      | Found a faded altar of an unknown god.
   513 | D:1      | Reached XP level 2. HP: 17/17 MP: 3/5
  1293 | D:1      | Reached XP level 3. HP: 21/21 MP: 0/6
  2730 | D:3      | Reached XP level 4. HP: 24/27 MP: 6/8
  3250 | D:4      | Learned a level 3 spell: Conjure Flame
  3254 | D:4      | Learned a level 3 spell: Inner Flame
  3374 | D:4      | Noticed a scorpion
  3386 | D:4      | Killed a scorpion
  3387 | D:4      | Reached XP level 5. HP: 10/31 MP: 9/9
  3592 | D:4      | Found a snail-covered altar of Cheibriados.
  3934 | D:4      | Found a staircase to the Ecumenical Temple.
  3947 | Temple   | Entered the Ecumenical Temple
  4175 | Temple   | Became a worshipper of Sif Muna the Loreminder
  4331 | D:4      | Got the Incunabulum of the New World
  4370 | D:4      | Reached skill level 1 in Short Blades
  4456 | D:4      | Noticed a black bear
  4938 | D:5      | Entered Level 5 of the Dungeon
  4938 | D:5      | Noticed a sky beast
  4965 | D:5      | Noticed an ogre
  5095 | D:5      | Noticed a lemure
  5100 | D:5      | Noticed Pikel
  5110 | D:5      | Noticed a lemure
  5112 | D:5      | Noticed a lemure
  5245 | D:5      | Noticed an ice beast
  5252 | D:5      | Noticed a necrophage
  5296 | D:5      | Reached skill level 1 in Invocations
  5296 | D:5      | Reached XP level 6. HP: 33/37 MP: 8/11
  5416 | D:5      | Killed a necrophage
  5520 | D:5      | Mangled by an ice beast

Illustrated notes

Levels and vault maps discovered:
D:1:      scummos_arrival_simple_crosswalls, layout_basic,
          dreamdust_ecumenical_altar_drowned_temple, chequers_decorated_corner,
          minmay_misc_feat_rows
D:2:      layout_basic, minmay_tetromino_l2
D:3:      layout_loops_cross, hangedman_decor_diamond_cutter
D:4:      layout_loops_corners, cheibrodos_worm_habitat,
          minmay_temple_entry_mini_moons
D:5:      layout_rooms, gup_sewer_entry_spiral, uniq_pikel
Temple:   roderic_octagonal_lattice_temple

Skill      XL: |  1  2  3  4  5  6 |
---------------+-------------------+-----
Stealth        | 3 4 |  4.0
Spellcasting   | 3 |  3.7
Conjurations   | 2 |  2.7
Fire Magic     | 4 |  4.4
Short Blades   | 1 |  1.4
Invocations    | 1 2 |  2.0
Fighting       | |  0.7
Staves         | |  0.3
Dodging        | |  2.3

Action                   |  1- 3 |  4- 6 || total
-------------------------+-------+-------++-------
Melee: Staff             |    15 |       ||    15
       Constrict         |     5 |     9 ||    14
       Tentacles         |     4 |     7 ||    11
       Short sword       |     3 |    37 ||    40
 Cast: Foxfire           |    94 |    63 ||   157
       Conjure Flame     |       |     2 ||     2
  Use: Scroll            |     3 |     7 ||    10
       Potion            |       |     4 ||     4
 Stab: Sleeping          |     1 |     5 ||     6
Armor: Skin              |     3 |    11 ||    14
Dodge: Dodged            |    21 |    33 ||    54

Table legend: (Time is in decaauts)
 A = Elapsed time spent in this place.
 B = Non-inter-level travel time spent in this place.
 C = Inter-level travel time spent in this place.
 D = Time resting spent in this place.
 E = Time spent auto-exploring this place.
 F = Levels seen in this place.
 G = Mean time per level.
                   A        B        C        D        E       F      G
               +--------+--------+--------+--------+--------+-----+--------+
         Total |   5527 |   5435 |     92 |    333 |   3819 |   6 |  921.2 |
       Dungeon |   5277 |   5206 |     71 |    333 |   3595 |   5 | 1055.4 |
        Temple |    249 |    228 |     21 |      0 |    224 |   1 |  249.0 |
               +--------+--------+--------+--------+--------+-----+--------+

Top non-repeatable levels by time:
     D:4: 1443 daAuts
     D:1: 1428 daAuts
     D:3: 1259 daAuts
     D:2: 795 daAuts
     D:5: 352 daAuts
  Temple: 249 daAuts
